 Dungeon Crawl Stone Soup version 0.31-a0-1549-g5ff9445e89 (webtiles) character file.

Game seed: 8129437823226806459

1026 pokeman the Thaumaturge (level 8, 0/66 HPs)
             Began as a Deep Elf Hedge Wizard on Jan 2, 2024.
             Succumbed to an orc wizard's poison
             ... on level 5 of the Dungeon.
             The game lasted 00:12:14 (4695 turns).

pokeman the Thaumaturge (Deep Elf Hedge Wizard)     Turns: 4695, Time: 00:12:14

Health: 0/66       AC:  7    Str:  7    XL:     8   Next: 2%
Magic:  23/23      EV: 13    Int: 22    God:
Gold:   190        SH:  0    Dex: 14    Spells: 12/25 levels left

rFire   . . .        a - +0 dagger
rCold   . . .        (no shield)
rNeg    . . .        b - +0 robe
rPois   .            v - +0 helmet
rElec   .            (no cloak)
rCorr   .            (no gloves)
SInv    .            (no boots)
Will    .....        g - amulet of magic regeneration Stlth
                     h - +4 ring of protection
HPRegen 0.31/turn    (no ring)
MPRegen 0.58/turn

%: no passive effects
@: confused, berserking (expiring), lethally poisoned (0 -> -10), very quick
A: no striking features
a: no special abilities


You were on level 5 of the Dungeon.
You visited 1 branch of the dungeon, and saw 5 of its levels.

You collected 190 gold pieces.

Inventory:

Hand Weapons
 a - a +0 dagger (weapon)
Armour
 b - a +0 robe (worn)
 v - a +0 helmet (worn)
Jewellery
 g - an amulet of magic regeneration (around neck)
 h - a +4 ring of protection (left hand)
 l - an amulet of regeneration
Wands
 p - a wand of polymorph (11)
 s - a wand of quicksilver (2)
Scrolls
 c - a scroll of noise {unknown}
 e - 2 scrolls of enchant armour {unknown}
 f - 3 scrolls of identify {unknown}
 k - a scroll of brand weapon {unknown}
 m - a scroll of fear {unknown}
 n - 3 scrolls of teleportation {unknown}
 o - a scroll of fog {unknown}
 u - a scroll of enchant weapon {unknown}
 x - a scroll of butterflies {unknown}
Potions
 d - a potion of magic
 i - a potion of berserk rage
 j - a potion of curing {unknown}
 q - 2 potions of haste {unknown}
 r - a potion of lignification {unknown}
 t - a potion of degeneration {unknown}
 w - 2 potions of mutation {unknown}


   Skills:
 - Level 2.1 Fighting
 + Level 2.2 Armour
 - Level 3.0 Dodging
 - Level 3.0 Stealth
 * Level 9.3 Spellcasting
 + Level 4.8 Conjurations
 - Level 1.1 Summonings
 - Level 1.1 Translocations
 - Level 1.0 Air Magic
 - Level 1.1 Alchemy
 - Level 1.0 Evocations


You had 12 spell levels left.
You knew the following spells:

 Your Spells              Type           Power      Damage    Failure   Level
a - Magic Dart            Conj           100%       1d8       1%          1
b - Mephitic Cloud        Conj/Alch/Air  20%        N/A       8%          3
c - Call Imp              Summ           30%        N/A       6%          2
d - Blink                 Tloc           30%        N/A       6%          2
e - Irradiate             Conj/Alch      11%        3d15      47%         5

Your spell library contained the following spells:

 Spells                   Type           Power      Damage    Failure   Level
 Shock                    Conj/Air       92%        1d8       1%          1
 Slow                     Hex            40%        N/A       6%          1
 Cigotuvi's Dreadful Rot  Necr/Alch/Air  26%        N/A       8%          2
 Swiftness                Air            14%        N/A       13%         3
 Inner Flame              Hex/Fire       10%        N/A       19%         3
 Airstrike                Air            7%         2d(1-17)  38%         4
 Martyr's Knell           Necr/Summ      12%        N/A       45%         4
 Dispel Undead            Necr           10%        3d9       54%         4
 Death Channel            Necr           5%         N/A       100%        6
 Ignition                 Fire           5%         3d4       100%        8


Dungeon Overview and Level Annotations

Branches:
Dungeon (5/15)
 Temple: D:4-7

Altars:
Makhleb

Shops:
D:1 [   D:4 :

Annotations:
D:3 2 runed translucent doors, tinodrima7020's ghost, amateur OnGl
D:5 Menkaure


Message History

You choke on the stench!
You are more confused.
* * * LOW HITPOINT WARNING * * *
You feel sick.
Unknown command.
It was a potion of berserk rage.
A red film seems to cover your vision as you go berserk!
You feel yourself moving faster!
You feel mighty!
You are engulfed in noxious fumes.
You choke on the stench!
You are more confused.
You feel sick.
Something hits the hound zombie.
The orc hits you but does no damage.
You barely miss something.
You are engulfed in noxious fumes.
You choke on the stench!
You are more confused.
You feel sick.
Unknown command.
You bump into the rock wall.
You are engulfed in noxious fumes.
You choke on the stench!
You are more confused.
You feel sick. The phantom barely misses you. The orc barely misses you.
Something hits you but does no damage.
You are lethally poisoned!
Unknown command.
You bump into the rock wall.
You feel a strong urge to attack something.
You are engulfed in noxious fumes.
You choke on the stench!
You are more confused.
* * * LOW HITPOINT WARNING * * *
You feel sick.
Menkaure, Prince of Dust comes into view.
The phantom barely misses you.
The orc hits you from afar with a +0 trident.
* * * LOW HITPOINT WARNING * * *
Unknown command.
You are too berserk!
You bump into the rock wall.
You are engulfed in noxious fumes.
You choke on the stench!
You are more confused.
You die...

..8.§ ...##### ..§§§§
......# ...§.###. #.....
....§... #####....# ..O.§..
.........# ....s#
#..!....!### ...Z.##
.<.......>.##
...).o##############......#
....Z..)...ZZZZ{@Wo....####
#####Zo....Oo.########.M....
########### #####.


You could see an ogre, a phantom, Menkaure, 2 orcs, a hound zombie, 2 centaur
zombies and a water moccasin skeleton.

Vanquished Creatures
  A troll (D:5)
  A water moccasin (D:5)
  A phantom (D:5)
  A bullfrog (D:4)
  A wyvern zombie (D:5)
  A crimson imp (D:4)
  2 hounds
  A bullfrog skeleton (D:5)
  Jessica (D:3)
  An iguana (D:4)
  Natasha (thrice) (D:2)
  A hound zombie (D:5)
  2 gnolls (D:3)
  6 adders
  A white imp (D:4)
  A dart slug (D:2)
  3 ribbon worms
  5 orcs
  13 endoplasms
  2 giant cockroaches (D:1)
  4 goblins
  12 hobgoblins
  4 jackals (D:3)
  4 quokkas
  5 ball pythons
  5 bats
  5 frilled lizards
  9 kobolds
  3 rats
99 creatures vanquished.

Vanquished Creatures (collateral kills)
  A centaur zombie (D:5)
  A hound (D:4)
  2 gnolls (D:3)
  An orc (D:5)
  A hobgoblin (D:3)
6 creatures vanquished.

Grand Total: 105 creatures vanquished

Notes
Turn   | Place    | Note
-------+----------+-------------------------------------------
     0 | D:1      | pokeman the Deep Elf Hedge Wizard began the quest for the
                  | Orb.
     0 | D:1      | Reached XP level 1. HP: 10/10 MP: 7/7
    38 | D:1      | Found Till's Armour Boutique.
   333 | D:1      | Reached XP level 2. HP: 16/16 MP: 6/9
  1063 | D:2      | Noticed Natasha
  1176 | D:2      | Reached skill level 5 in Spellcasting
  1241 | D:2      | Reached XP level 3. HP: 20/20 MP: 7/11
  1245 | D:2      | Learned a level 3 spell: Mephitic Cloud
  1248 | D:2      | Learned a level 2 spell: Call Imp
  1251 | D:2      | Learned a level 2 spell: Blink
  1622 | D:2      | Killed Natasha
  1623 | D:2      | Reached skill level 1 in Fighting
  1623 | D:2      | Reached skill level 1 in Armour
  1682 | D:2      | Reached XP level 4. HP: 25/25 MP: 11/13
  2223 | D:2      | Noticed Natasha
  2229 | D:2      | Killed Natasha
  2294 | D:2      | Noticed Natasha
  2300 | D:2      | Killed Natasha
  2394 | D:3      | Reached skill level 6 in Spellcasting
  2509 | D:3      | Reached XP level 5. HP: 29/29 MP: 12/15
  2622 | D:3      | Learned a level 5 spell: Irradiate
  2814 | D:3      | Noticed Jessica
  2822 | D:3      | Killed Jessica
  2997 | D:3      | Found a large runed translucent door.
  2998 | D:3      | Found a large runed translucent door.
  3003 | D:3      | Reached skill level 1 in Air Magic
  3012 | D:3      | Noticed tinodrima7020's ghost (amateur OnGl)
  3451 | D:4      | Reached skill level 1 in Alchemy
  3451 | D:4      | Reached XP level 6. HP: 30/34 MP: 11/17
  3559 | D:4      | Reached skill level 1 in Evocations
  3725 | D:4      | Reached skill level 7 in Spellcasting
  3767 | D:4      | Found a burning altar of Makhleb.
  4080 | D:4      | Found Ceolaish's Tremendous Tomes.
  4320 | D:5      | Entered Level 5 of the Dungeon
  4343 | D:5      | Noticed a water moccasin
  4362 | D:5      | Killed a water moccasin
  4363 | D:5      | Reached skill level 8 in Spellcasting
  4363 | D:5      | Reached XP level 7. HP: 18/40 MP: 16/20
  4550 | D:5      | Noticed a troll
  4559 | D:5      | Killed a troll
  4560 | D:5      | Reached skill level 9 in Spellcasting
  4585 | D:5      | Reached XP level 8. HP: 35/44 MP: 23/23
  4694 | D:5      | HP: 3/66 [poisoned by an orc wizard]
  4694 | D:5      | Noticed Menkaure
  4695 | D:5      | Succumbed to an orc wizard's poison

Illustrated notes

Levels and vault maps discovered:
D:1:      heliophobic_arrival_glass_houses, layout_loops_ring, serial_shops,
          shop
D:2:      minmay_alternating_diamond, layout_basic, uniq_natasha
D:3:      layout_loops_corners, ebering_ghost_disaster_area, uniq_jessica
D:4:      layout_loops_ring, mainiacjoe_overflow_small_starburst,
          nicolae_shop_i_like_big_books, minmay_fire_ice_demons
D:5:      layout_rooms, serial_undead, serial_undead_f, serial_undead_e,
          serial_undead_a, serial_undead_c, serial_undead_b, serial_undead_d,
          serial_undead_e, serial_undead_a, serial_undead_c, serial_undead_e,
          uniq_menkaure

Skill      XL: |  1  2  3  4  5  6  7 |
---------------+----------------------+-----
Spellcasting   | 5 6 8 9 |  9.3
Fighting       | 1 2 |  2.1
Armour         | 1 2 |  2.2
Conjurations   | 2 3 4 |  4.8
Stealth        | 3 |  3.0
Dodging        | 3 |  3.0
Air Magic      | 1 |  1.0
Alchemy        | 1 |  1.1
Evocations     | 1 |  1.0
Summonings     | |  1.1
Translocations | |  1.1

Action                     |  1- 3 |  4- 6 |  7- 9 || total
---------------------------+-------+-------+-------++-------
  Melee: Dagger            |    12 |    28 |    55 ||    95
         Punch             |       |       |     1 ||     1
   Cast: Magic Dart        |   103 |   181 |    37 ||   321
         Mephitic Cloud    |     1 |     9 |     4 ||    14
         Call Imp          |       |     3 |     6 ||     9
         Blink             |       |       |     2 ||     2
    Use: Potion            |       |       |     1 ||     1
   Stab: Confused          |     1 |     4 |     1 ||     6
 Armour: Robe              |    17 |    42 |    97 ||   156
  Dodge: Dodged            |    16 |    39 |    96 ||   151

Table legend: (Time is in decaauts)
 A = Elapsed time spent in this place.
 B = Non-inter-level travel time spent in this place.
 C = Inter-level travel time spent in this place.
 D = Time resting spent in this place.
 E = Time spent auto-exploring this place.
 F = Levels seen in this place.
 G = Mean time per level.
                   A        B        C        D        E       F      G
               +--------+--------+--------+--------+--------+-----+--------+
         Total |   4692 |   4172 |    520 |      6 |   3255 |   5 |  938.4 |
       Dungeon |   4692 |   4172 |    520 |      6 |   3255 |   5 |  938.4 |
               +--------+--------+--------+--------+--------+-----+--------+

Top non-repeatable levels by time:
     D:2: 1232 daAuts
     D:1: 1105 daAuts
     D:3: 1088 daAuts
     D:4: 892 daAuts
     D:5: 373 daAuts
